 Dungeon Crawl Stone Soup version 0.29.1-1-gd02db6906a (webtiles) character file.

Game seed: 8656942998781122169

718 inmateoo the Shooter (level 7, -3/44 HPs)
             Began as a Tengu Wanderer on Sept 19, 2022.
             Was a Believer of Okawaru.
             Slain by an orc
             ... wielding the +5 lochaber axe {reach-cleave, poleaxe}
              (15 damage)
             ... on level 6 of the Dungeon.
             The game lasted 00:04:49 (4133 turns).

inmateoo the Shooter (Tengu Wanderer)               Turns: 4133, Time: 00:04:50

Health: -3/44      AC:  8    Str: 15    XL:     7   Next: 70%
Magic:  9/9        EV: 17    Int: 11    God:    Okawaru [**....]
Gold:   206        SH:  0    Dex: 19    Spells: 8/8 levels left

rFire   . . .      SeeInvis .   a - +0 shortbow
rCold   . . .      Faith    .   (shield currently unavailable)
rNeg    . . .      Spirit   .   r - +0 steam dragon scales
rPois   .          Reflect  .   (helmet restricted)
rElec   .          Harm     .   (no cloak)
rCorr   .          Rampage  .   i - +2 pair of gloves of Qaeteghi {Str+5}
Will    .....                   (boots unavailable)
Stlth   ++........              s - amulet of the acrobat
HPRegen 0.14/turn               (no ring)
MPRegen 0.11/turn               (no ring)

@: flying quickly and evasively, quick
A: beak, talons 3, nimble flight
a: Renounce Religion, Heroism


You were on level 6 of the Dungeon.
You worshipped Okawaru.
Okawaru was pleased with you.
You visited 2 branches of the dungeon, and saw 7 of its levels.

You collected 236 gold pieces.
You spent 30 gold pieces at shops.

Inventory:

Hand Weapons
 a - a +0 shortbow (weapon)
 q - a +2 hand axe of flaming
Missiles
 n - a throwing net
Armour
 i - the +2 pair of gloves of Qaeteghi (worn) {Str+5}
   (You found it on level 3 of the Dungeon)

   Str:       It affects your strength (+5).
 r - +0 steam dragon scales (worn)
Jewellery
 s - an amulet of the acrobat (around neck)
Wands
 j - a wand of roots (11)
 l - a wand of polymorph (8)
Scrolls
 e - 2 scrolls of blinking
 f - a scroll of enchant weapon {unknown}
 h - 4 scrolls of teleportation
 t - a scroll of vulnerability {unknown}
Potions
 c - 4 potions of might
 d - 3 potions of mutation
 g - 4 potions of heal wounds
 k - 2 potions of curing
 o - a potion of cancellation
 p - a potion of berserk rage
Miscellaneous
 b - a piece from Xom's chessboard (13/15)


   Skills:
 + Level 4.6 Fighting
 + Level 3.6 Axes
 + Level 6.1 Ranged Weapons
 - Level 1.1 Armour
 + Level 4.0 Dodging
 - Level 1.0 Stealth
 - Level 1.0 Spellcasting
 - Level 1.3 Conjurations
 - Level 2.0 Evocations


You had 8 spell levels left.
You didn't know any spells.
Your spell library contained the following spells:

 Spells                   Type           Power      Damage    Failure   Level
 Shock                    Conj/Air       8%         1d3       24%         1
 Apportation              Tloc           0%         N/A       32%         1
 Beastly Appendage        Tmut           0%         N/A       32%         1
 Necrotise                Necr           0%         1d4       32%         1
 Slow                     Hex            0%         N/A       32%         1
 Wereblood                Tmut           0%         N/A       43%         2
 Mephitic Cloud           Conj/Pois/Air  1%         N/A       63%         3
 Confusing Touch          Hex            0%         N/A       67%         3
 Gell's Gravitas          Tloc           0%         N/A       67%         3
 Lesser Beckoning         Tloc           0%         N/A       67%         3
 Spider Form              Tmut/Pois      0%         N/A       67%         3
 Teleport Other           Tloc           0%         N/A       67%         3
 Vampiric Draining        Necr           0%         2d6       67%         3
 Summon Small Mammal      Summ           Unusable   N/A       N/A         1

Dungeon Overview and Level Annotations

Branches:
Dungeon (6/15)             Temple (1/1) D:4

Altars:
Cheibriados
Hepliaklqana
Makhleb
Okawaru
Qazlal
Sif Muna
Uskayaw
Vehumet
Xom
Zin
The Shining One

Shops:
D:3 ?

Annotations:
D:5 1 runed translucent door, sausages's ghost, novice GrIE


Innate Abilities, Weirdness & Mutations

You have a beak for a mouth.
You have claws for feet.
Your magical nature lets you fly swiftly and evasively.


Message History

The orc barely misses you. The orc closely misses you.
The orc completely misses you. The orc completely misses you.
You see here a +0 club. 3 orcs come into view.
Found a dagger.
Fire: a) +0 shortbow
Press: ? - help, Q - select action, (/) - cycle Shift-Dir - straight line, f - orc
Aim: an orc, wielding the +5 lochaber axe {reach-cleave, poleaxe} and wearing a +0 leather armour (66% to hit)
You shoot an arrow. The arrow closely misses the orc.
The orc shouts!
The orc shouts!
You hear the slow rusting of a very distant drain.
You hear a shout!
The orc closely misses you.
Fire: a) +0 shortbow
Press: ? - help, Q - select action, (/) - cycle Shift-Dir - straight line, f/p - orc
Aim: an orc, wielding the +5 lochaber axe {reach-cleave, poleaxe} and wearing a +0 leather armour (66% to hit)
You shoot an arrow. The arrow hits the orc.
The orc is moderately wounded.
An orc comes into view. It is wielding a +0 hand axe.
Fire: a) +0 shortbow
Press: ? - help, Q - select action, (/) - cycle Shift-Dir - straight line, f - orc
Aim: an orc, wielding a +0 club (66% to hit)
You shoot an arrow. The arrow hits the orc.
The orc is severely wounded.
The orc hits you but does no damage.
Fire: a) +0 shortbow
Press: ? - help, Q - select action, (/) - cycle Shift-Dir - straight line, f/p - orc
Aim: an orc, wielding a +0 club (severely wounded, 66% to hit)
You shoot an arrow. The arrow barely misses the orc.
The orc hits you but does no damage. The orc hits you with a +0 club.
* * * LOW HITPOINT WARNING * * *
The orc closely misses you. The orc completely misses you.
You make a move on Xom's chessboard...
The orc is moving more slowly.
The orc hits you but does no damage.
You make a move on Xom's chessboard...
The orc struggles to resist.
The orc hits you from afar with the +5 lochaber axe {reach-cleave, poleaxe}!
You die... #. #. .## .o# #o# #o# #o#### #@ooo#

####o#
#)#####.#
#o......##
#oo###.#.
#..### .# ##
#....##.###..
##.#........#
#............


You could see 8 orcs.

Vanquished Creatures
  Prince Ribbit (D:5)
  A sky beast (D:5)
  An ogre (D:5)
  A necrophage (D:5)
  A bullfrog (D:4)
  2 hounds
  2 iguanas (D:5)
  2 adders
  A shadow imp (D:6)
  A white imp (D:5)
  A worm (D:4)
  3 dart slugs
  2 orcs (D:5)
  2 bats
  8 endoplasms
  4 giant cockroaches
  6 goblins
  7 hobgoblins
  2 jackals (D:4)
  2 quokkas
  5 ball pythons
  7 frilled lizards
  5 kobolds
  5 rats
72 creatures vanquished.

Vanquished Creatures (others)
  2 withered plants (D:5)
2 creatures vanquished.

Grand Total: 74 creatures vanquished

Notes
Turn   | Place    | Note
-------+----------+-------------------------------------------
     0 | D:1      | inmateoo the Tengu Wanderer began the quest for the Orb.
     0 | D:1      | inmateoo set off with the following items: a +0 shortbow, a
                  | piece from Xom's chessboard (15/15), a potion of might, a
                  | +0 robe; and the following spell memorised: Shock; and the
                  | following spells available to memorise: Mephitic Cloud.
     0 | D:1      | Reached XP level 1. HP: 10/10 MP: 3/3
    33 | D:1      | Reached skill level 1 in Fighting
    78 | D:1      | Reached XP level 2. HP: 16/16 MP: 4/4
   363 | D:1      | Reached XP level 3. HP: 19/22 MP: 5/5
   819 | D:2      | Found a faded altar of an unknown god.
  1964 | D:3      | Identified the +2 pair of gloves of Qaeteghi {Str+5}
  2049 | D:3      | Found Wytyuvumadgh's Magic Scroll Shop.
  2057 | D:3      | Bought a scroll of teleportation for 30 gold pieces
  2375 | D:3      | Reached skill level 1 in Dodging
  2667 | D:4      | Reached XP level 4. HP: 28/28 MP: 6/6
  2908 | D:4      | Noticed a bullfrog
  2913 | D:4      | Killed a bullfrog
  2914 | D:4      | Reached skill level 1 in Axes
  2914 | D:4      | Gained mutation: Your magical nature lets you fly swiftly
                  | and evasively. [Tengu growth]
  2914 | D:4      | Reached XP level 5. HP: 32/32 MP: 7/7
  2915 | D:4      | Found a staircase to the Ecumenical Temple.
  2925 | Temple   | Entered the Ecumenical Temple
  2989 | Temple   | Became a worshipper of Warmaster Okawaru
  3102 | D:4      | Found a burning altar of Makhleb.
  3181 | D:4      | Reached skill level 5 in Ranged Weapons
  3538 | D:5      | Entered Level 5 of the Dungeon
  3541 | D:5      | Noticed Prince Ribbit
  3546 | D:5      | Killed Prince Ribbit
  3546 | D:5      | Reached * piety under Okawaru
  3547 | D:5      | Reached XP level 6. HP: 37/38 MP: 8/8
  3646 | D:5      | Noticed a sky beast
  3660 | D:5      | Killed a sky beast
  3661 | D:5      | Reached XP level 7. HP: 43/43 MP: 9/9
  3762 | D:5      | Found a runed translucent door.
  3762 | D:5      | Noticed sausages's ghost (novice GrIE)
  3841 | D:5      | Reached skill level 6 in Ranged Weapons
  3920 | D:5      | Found a glowing silver altar of Zin.
  4023 | D:5      | Reached ** piety under Okawaru
  4133 | D:6      | Slain by an orc

Illustrated notes

Levels and vault maps discovered:
D:1:      tarquinn_simple_flora_water_e, layout_basic
D:2:      layout_loops_cross, nicolae_ecumenical_pavilion
D:3:      layout_basic, serial_shops, shop
D:4:      layout_basic, lemuel_round_altar, minmay_temple_entry_large_hall
D:5:      layout_rooms, zin_treasury, gammafunk_ghost_grave, uniq_prince_ribbit1
D:6:      layout_loops_cross, portal_sewer_entry_d
Temple:   nicolae_temple_bog_church

Skill      XL: |  1  2  3  4  5  6  7 |
---------------+----------------------+-----
Fighting       | 1 2 3 4 |  4.6
Dodging        | 1 3 4 |  4.0
Axes           | 1 2 3 |  3.6
Ranged Weapons | 5 6 |  6.1
Armour         | |  1.1
Stealth        | |  1.0
Spellcasting   | |  1.0
Conjurations   | |  1.3
Evocations     | |  2.0

Action                   |  1- 3 |  4- 6 |  7- 9 || total
-------------------------+-------+-------+-------++-------
 Fire: Shortbow          |   133 |    60 |    44 ||   237
Evoke: Wand              |       |     2 |       ||     2
       Piece from Xom's  |       |       |     2 ||     2
  Use: Scroll            |     9 |     1 |     5 ||    15
Armor: Ring mail         |     5 |     3 |       ||     8
       Robe              |     4 |       |       ||     4
       Steam dragon scal |       |     8 |     7 ||    15
Dodge: Dodged            |    31 |    25 |    14 ||    70
